 Dungeon Crawl Stone Soup version 0.24-a0-769-g368c164 (webtiles) character file.

Game seed: 7146992145312534926, levelgen mode: deterministic

158 2tousent the Insei (level 5, 0/40 HPs)
             Began as a Draconian Transmuter on Oct 5, 2019.
             Slain by an orc wizard
             ... wielding a +0 dagger
              (1 damage)
             ... on level 3 of the Dungeon.
             The game lasted 00:12:35 (2463 turns).

2tousent the Insei (Draconian Transmuter)           Turns: 2463, Time: 00:12:37

Health: 0/40       AC:  6    Str: 12    XL:     5   Next: 16%
Magic:  6/9        EV: 12    Int: 13    God:
Gold:   125        SH:  0    Dex: 13    Spells: 1/9 levels left

rFire    . . .     SeeInvis .     - Unarmed
rCold    . . .     Gourm    .   (no shield)
rNeg     . . .     Faith    .   (armour unavailable)
rPois    .         Spirit   .   (helmet restricted)
rElec    .         Reflect  .   r - +0 cloak
rCorr    .         Harm     .   (no gloves)
MR       .....                  (no boots)
Stlth    +.........             (no amulet)
HPRegen  0.13/turn              (no ring)
MPRegen  0.11/turn              (no ring)

@: hasted, very quick
A: unfitting armour, cold-blooded, AC +5
a: no special abilities


You were on level 3 of the Dungeon.
You were hungry.

You visited 1 branch of the dungeon, and saw 3 of its levels.

You collected 125 gold pieces.

Inventory:

Missiles
 a - 56 arrows
 h - 3 throwing nets (quivered)
Armour
 r - a +0 cloak (worn)
Scrolls
 e - a scroll of teleportation
 l - 2 scrolls of identify
 n - 2 scrolls of remove curse
 q - a scroll of enchant weapon
Potions
 b - a potion of flight
 d - 3 potions of agility
 g - a potion of brilliance {unknown}
 i - a potion of mutation
 j - a potion of ambrosia {unknown}
 k - a potion of heal wounds {unknown}
 m - 2 potions of cancellation
 o - a potion of curing {unknown}
 p - a potion of lignification {unknown}
 s - a potion of might {unknown}
Comestibles
 c - 11 rations


   Skills:
 - Level 1.1 Fighting
 - Level 1.7 Dodging
 * Level 4.2 Unarmed Combat
 + Level 2.7 Spellcasting
 * Level 3.5 Transmutations
 + Level 0.3 Ice Magic
 + Level 1.1 Poison Magic


You had one spell level left.
You knew the following spells:

 Your Spells              Type           Power        Failure   Level  Hunger
a - Beastly Appendage     Tmut           ##....       5%          1    #......
b - Spider Form           Tmut/Pois      #.........   26%         3    ###....
c - Ice Form              Ice/Tmut       #.......     71%         4    #####..

Your spell library contained the following spells:

 Spells                   Type           Power        Failure   Level  Hunger
 Sticks to Snakes         Tmut           ##......     9%          2    ###....
 Blade Hands              Tmut           ##........   83%         5    ######.


Dungeon Overview and Level Annotations

Branches:
Dungeon (3/15)

Altars:
Gozag
Hepliaklqana
Uskayaw
Beogh


Innate Abilities, Weirdness & Mutations

Your plain brown scales are hard. (AC +5)
You cannot fit into any form of body armour.
You are cold-blooded and may be slowed by cold attacks.


Message History

* * * LOW HITPOINT WARNING * * *
The orc wizard points at you and mumbles some strange words.
The puff of flame hits you!
* * * LOW HITPOINT WARNING * * *
The orc wizard gestures wildly while chanting.
The orc wizard seems to speed up.
It was a potion of cancellation.
Your magical effects are unravelling.
You feel magically purged.
Your transformation has ended.
Your +0 cloak unmelds from your body.
The orc wizard hits you but does no damage.
The orc wizard barely misses you.
It was a potion of haste.
You feel yourself speed up.
The orc wizard looks more healthy.
The orc wizard hits you with a +0 dagger.
* * * LOW HITPOINT WARNING * * *
The orc wizard hits you but does no damage. x2
The orc wizard hits you with a +0 dagger.
You die...

#.........#
##############
##._$##
#.8.8$#
#.....#
#.8.8$# #..)#
###o# #.@)#
#######.o##
........##
######..# #..#
#..# #..# #..#
#..######.


You could see 2 orc wizards.

Vanquished Creatures
  An orc priest (D:3)
  Jessica (D:2)
  An adder (D:2)
  An ooze (D:1)
  3 worms (D:3)
  4 dart slugs
  2 orcs (D:3)
  9 bats
  4 giant cockroaches
  9 goblins
  10 hobgoblins
  4 jackals (D:1)
  A quokka (D:2)
  4 frilled lizards
  8 kobolds
  4 rats
66 creatures vanquished.

Notes
Turn   | Place    | Note
-------+----------+-------------------------------------------
     0 | D:1      | 2tousent the Draconian Transmuter began the quest for the
                  | Orb.
     0 | D:1      | Reached XP level 1. HP: 16/16 MP: 3/3
   312 | D:1      | Reached XP level 2. HP: 23/23 MP: 3/5
   867 | D:1      | Reached XP level 3. HP: 22/28 MP: 6/6
   961 | D:1      | Learned a level 3 spell: Spider Form
  1562 | D:2      | Found a hazy altar of Hepliaklqana.
  1563 | D:2      | Found an opulent altar of Gozag.
  1563 | D:2      | Found a hide-covered altar of Uskayaw.
  1599 | D:2      | Reached XP level 4. HP: 34/35 MP: 7/7
  1772 | D:2      | Noticed Jessica
  1786 | D:2      | Killed Jessica
  1786 | D:2      | Reached skill level 4 in Unarmed Combat
  2138 | D:3      | Learned a level 4 spell: Ice Form
  2415 | D:3      | Reached skill level 1 in Poison Magic
  2447 | D:3      | Found a roughly hewn altar of Beogh.
  2453 | D:3      | Reached XP level 5. HP: 28/40 MP: 5/9
  2463 | D:3      | HP: 1/40 [orc wizard/+0 dagger (3)]
  2463 | D:3      | Slain by an orc wizard

Levels and vault maps discovered:
D:1:      tarquinn_simple_flora_water_a, layout_rooms, roderic_lattice_a,
          grunt_decor_arrowhead, minmay_misc_feat_encased
D:2:      layout_basic, minitemple, uniq_jessica
D:3:      layout_loops_ring, first_ration, kennysheep_orc_chapel

Skill      XL: |  1  2  3  4 |
---------------+-------------+-----
Transmutations | 3 |  3.5
Unarmed Combat | 4 |  4.2
Poison Magic   | 1 |  1.1
Fighting       | |  1.1
Dodging        | |  1.7
Spellcasting   | |  2.7
Ice Magic      | |  0.3

Action                   |  1- 3 |  4- 6 || total
-------------------------+-------+-------++-------
Melee: Unarmed           |   125 |    71 ||   196
       Tailslap          |    16 |     5 ||    21
       Kick              |    10 |     1 ||    11
       Headbutt          |     3 |       ||     3
 Cast: Beastly Appendage |    13 |     1 ||    14
       Spider Form       |       |     7 ||     7
  Use: Scroll            |     7 |     2 ||     9
       Potion            |       |     2 ||     2
 Stab: Sleeping          |     1 |       ||     1
  Eat: Chunk             |     2 |     4 ||     6
Armor: Skin              |    52 |    18 ||    70
Dodge: Dodged            |    61 |    35 ||    96

Table legend:
 A = Non-vault XP
 B = Vault XP
 C = Vault XP percentage of total XP
 D = Non-vault monster count
 E = Vault monster count
 F = Vault count percentage of total count
                 A         B        C        D         E       F
            +---------+---------+-------+---------+---------+-------
      Total |     146 |      81 |  35.7 |      63 |       3 |   4.5
            +---------+---------+-------+---------+---------+-------
        D:1 |      62 |       0 |   0.0 |      31 |       0 |   0.0
        D:2 |      47 |      37 |  44.0 |      19 |       1 |   5.0
        D:3 |      37 |      44 |  54.3 |      13 |       2 |  13.3
            +---------+---------+-------+---------+---------+-------
